 Dungeon Crawl Stone Soup version 0.13-a0-2305-ge00d11d (webtiles) character file.

895 Kae the Ruinous (level 7, -14/36 HPs)
             Began as a Tengu Fire Elementalist on July 9, 2013.
             Was an Initiate of Vehumet.
             Killed by a scroll of immolation (19 damage)
             ... on Level 6 of the Dungeon.
             The game lasted 00:09:20 (6277 turns).

Kae the Ruinous (Tengu Fire Elementalist)           Turns: 6277, Time: 00:09:20

HP -14/36        AC  2     Str  8      XL: 7   Next: 76%
MP  15/17        EV 11     Int 18      God: Vehumet [......]
Gold 151         SH  8     Dex 14      Spells:  3 memorised,  7 levels left

Res.Fire  : . . .   See Invis. : .   h - +1 dagger
Res.Cold  : . . .   Warding    : .   a - +0 robe
Life Prot.: . . .   Conserve   : .   j - +1 dwarf buckler
Res.Poison: .       Res.Corr.  : .   (helmet restricted)
Res.Elec. : .       Clarity    : .   (no cloak)
Sust.Abil.: . .     Spirit.Shd : .   (no gloves)
Res.Mut.  : .       Stasis     : .   (boots unavailable)
Res.Rott. : .       Flight     : .   (no amulet)
Saprovore : . . .                    (no ring)
                                     g - ring of wizardry

@: slightly resistant to hostile enchantments, fairly stealthy
A: able to fly, beak, talons 3
a: Fly, Renounce Religion


You were on level 6 of the Dungeon.
You worshipped Vehumet.
Vehumet was noncommittal.
You were hungry.

You visited 2 branches of the dungeon, and saw 7 of its levels.

You collected 131 gold pieces.

Inventory:

Hand weapons
 h - a +1,+1 dagger (weapon)
Armour
 a - a +0 robe (worn)
 j - a +1 dwarven buckler (worn)
Comestibles
 c - 4 bread rations
 l - 2 meat rations
 q - a pear
 w - a cheese
Scrolls
 e - 3 scrolls of remove curse
 r - 5 scrolls of identify
 s - 2 scrolls of enchant weapon II
 v - a scroll of immolation {unknown}
 A - a scroll of magic mapping
Jewellery
 g - a ring of wizardry (left hand)
Potions
 d - a potion of flight {unknown}
 f - 3 potions of invisibility {unknown}
 i - a potion of might {unknown}
 k - a potion of restore abilities {unknown}
 m - 2 potions of curing
 n - a potion of magic {unknown}
 o - a potion of paralysis {unknown}
 p - a potion of resistance {unknown}
 t - a potion of speed {unknown}
 u - a potion of beneficial mutation {unknown}
 z - a potion of porridge {unknown}
Books
 b - a book of Flames

   Spells                             Type                      Level
   *Flame Tongue                      Conjuration/Fire             1
   *Throw Flame                       Conjuration/Fire             2
   *Conjure Flame                     Conjuration/Fire             3
   Inner Flame                        Hexes/Fire                   3
   Sticky Flame                       Conjuration/Fire             4
   Fireball                           Conjuration/Fire             5
 x - a book of Conjurations

   Spells                             Type                      Level
   Magic Dart                         Conjuration                  1
   Force Lance                        Conjuration                  2
   Dazzling Spray                     Conjuration/Hexes            3
   Iskenderun's Mystic Blast          Conjuration                  4
   Iskenderun's Battlesphere          Conjuration/Charms           4
   Fulminant Prism                    Conjuration/Hexes            5
Magical staves
 y - an uncursed staff of death


   Skills:
 - Level 2.1 Dodging
 - Level 2.0 Stealth
 + Level 3.6 Spellcasting
 * Level 6.8 Conjurations
 * Level 6.5 Fire Magic


You had 7 spell levels left.
You knew the following spells:

 Your Spells              Type           Power        Failure   Level  Hunger
a - Flame Tongue          Conj/Fire      ####.        1%          1    None
b - Throw Flame           Conj/Fire      ####..       1%          2    ##.....
c - Conjure Flame         Conj/Fire      ####....     1%          3    ###....


Dungeon Overview and Level Annotations

Branches:
Dungeon (6/27)             Temple (1/1) D:5
    Orc: D:6-11

Altars:
Ashenzari
Cheibriados
Elyvilon
Fedhas
Kikubaaqudgha
Makhleb
Nemelex Xobeh
Okawaru
Sif Muna
Trog
Vehumet
Xom
Yredelemnul
Zin
the Shining One

Shops:
D:4: [(


Innate Abilities, Weirdness & Mutations

You can fly.
You have a beak for a mouth.
You have claws for feet.


Message History

An orc comes into view. It is wielding an orcish flail.
Casting: Flame Tongue
Confirm with . or Enter, or press ? or * to list all spells.
Aiming: Flame Tongue
Press: ? - help, Shift-Dir - straight line, f/p - orc
Aim: an orc wearing an orcish ring mail The flame hits the orc.
The orc is heavily wounded.
The orc moves out of view.
The orc priest mumbles some strange prayers to Beogh against you.
Pain shoots through your body! The orc hits you.
The orc hits you from afar with an orcish trident.
The orc priest invokes the aid of Beogh against you.
Something smites you!
* * * LOW HITPOINT WARNING * * *
Read which item? (? for menu, Esc to quit)
The scroll explodes in your hands! The fiery explosion engulfs you!
Ouch! That really hurt!
You die...

#.............. #.#
#......###########.#
#...................
######.###########..
########.# #.....
#......#.########.###.
#......#..........# #.
..)####..$...##############.
.........ooo@................
...####.o....####........##.
#o.###### #).......... ..oo#.
#.......#... ..oo. ##
#.......#... ...ooo#
#.......###. oo..#
##.##....... ..# #.##.......
# #.##......(


You could see an orc wizard and 7 orcs.

Vanquished Creatures
  A phantom (D:5)
  2 giant frogs
  A wyvern zombie (D:6)
  2 orc priests
  4 hounds
  An iguana (D:6)
  2 worker ants (D:4)
  Terence (D:3)
  A worker ant zombie (D:6)
  5 adders
  4 gnolls (D:4)
  A giant mite (D:1)
  A worm (D:2)
  An inept item mimic (D:6)
  A giant eyeball (D:4)
  3 giant geckos
  An ooze (D:1)
  10 orcs
  12 bats
  5 giant cockroaches
  5 goblins
  11 hobgoblins
  3 jackals (D:3)
  8 kobolds
  A quokka (D:5)
  3 giant newts
  11 rats
101 creatures vanquished.

Vanquished Creatures (others)
  A giant newt (D:2)
1 creature vanquished.

Grand Total: 102 creatures vanquished

Notes
Turn   | Place    | Note
--------------------------------------------------------------
     0 | D:1      | Kae, the Tengu Fire Elementalist, began the quest for the Orb.
     0 | D:1      | Reached XP level 1. HP: 10/10 MP: 3/3
    34 | D:1      | Reached XP level 2. HP: 9/15 MP: 0/5
   703 | D:1      | Reached XP level 3. HP: 10/19 MP: 7/7
  1363 | D:2      | Found a blossoming altar of Fedhas.
  1383 | D:2      | Reached skill level 4 in Fire Magic
  1644 | D:2      | Reached XP level 4. HP: 22/24 MP: 3/8
  2425 | D:3      | Learned a level 2 spell: Throw Flame
  2434 | D:3      | Learned a level 3 spell: Conjure Flame
  3320 | D:3      | Reached XP level 5. HP: 21/28 MP: 8/11
  3420 | D:3      | Found an iron altar of Okawaru.
  3441 | D:3      | Noticed Terence
  3453 | D:3      | Killed Terence
  4071 | D:4      | Found a burning altar of Makhleb.
  4071 | D:4      | Noticed a balrug
  4074 | D:4      | Noticed a neqoxec
  4074 | D:4      | Noticed a smoke demon
  4139 | D:4      | HP: 1/28 [poisoned by a worker ant]
  4314 | D:4      | Reached skill level 5 in Conjurations
  4314 | D:4      | Reached XP level 6. HP: 19/32 MP: 9/13
  4466 | D:4      | Found Ydoapt's Weapon Boutique.
  4494 | D:4      | Reached skill level 5 in Fire Magic
  4721 | D:4      | Found Lapric's Armour Boutique.
  5125 | D:4      | Reached XP level 7. HP: 36/36 MP: 10/16
  5301 | D:5      | Entered Level 5 of the Dungeon
  5303 | D:5      | Found a staircase to the Ecumenical Temple.
  5331 | D:5      | Reached skill level 6 in Conjurations
  5337 | Temple   | Entered the Ecumenical Temple
  5376 | Temple   | Became a worshipper of Vehumet
  5590 | D:5      | HP: 1/36 [acid (9)]
  6277 | D:6      | Killed by a scroll of immolation

Action                   |  1- 3 |  4- 6 |  7- 9 || total
-------------------------+-------+-------+-------++-------
Melee: Unarmed           |     7 |       |       ||     7
       Dagger            |    59 |    28 |    30 ||   117
 Cast: Flame Tongue      |    29 |   131 |    46 ||   206
       Throw Flame       |       |     2 |     2 ||     4
       Conjure Flame     |       |     1 |     3 ||     4
  Use: Potion            |       |     2 |     1 ||     3
       Scroll            |       |    10 |     4 ||    14
